 Dungeon Crawl Stone Soup version 0.31.0-12-g77e489cdc1 (webtiles) character file.

Game seed: 16532781644079647397

8363 Gladio the Grappler (level 11, -1/89 HPs)
             Began as a Formicid Shapeshifter on Feb 11, 2024.
             Was a Priest of Wu Jian.
             Slain by a yak (17 damage)
             ... on level 1 of the Lair of Beasts.
             The game lasted 00:21:28 (11089 turns).

Gladio the Grappler (Formicid Shapeshifter)        Turns: 11089, Time: 00:21:29

Health: -1/89      AC:  2    Str: 23    XL:     11   Next: 54%
Magic:  11/11      EV: 22    Int: 10    God:    Wu Jian [***...]
Gold:   587        SH:  0    Dex: 13    Spells: 10/10 levels left

rFire   . .          .
                       - Unarmed
rCold   . . .        (shield currently unavailable)
rNeg    . . .        h - melded +0 ice dragon scales
rPois   .            (helmet unavailable)
rElec   .            u - +0 cloak
rCorr   .            H - +0 pair of gloves
SInv    +            (no boots)
Will    +....        K - amulet of the acrobat
Stlth   +            E - +5 ring of evasion
HPRegen 0.34/turn    (no ring)
MPRegen 0.12/turn

%: acrobat
@: lethally poisoned (-1 -> -32), flux-form, glowing
A: glow, contaminating, permanent stasis, dig shafts and tunnels, antennae 3,
four strong arms
a: Dig, Shaft Self, Begin Untransformation, Renounce Religion, Wall Jump,
Serpent's Lash


You were on level 1 of the Lair of Beasts.
You worshipped Wu Jian.
Wu Jian was most pleased with you.
You were something dangerously unstable.
You visited 2 branches of the dungeon, and saw 11 of its levels.
You also visited: Ossuary.

You collected 587 gold pieces.

Inventory:

Missiles
 g - 4 javelins (quivered)
 m - 12 poisoned darts
 w - 2 throwing nets
Armour
 a - a +0 animal skin
 h - +0 ice dragon scales (melded)
 q - an orb of mayhem
 u - a +0 cloak (worn)
 H - a +0 pair of gloves (worn)
Jewellery
 l - a ring of wizardry
 B - a ring of fire
 E - a +5 ring of evasion (left hand)
 K - an amulet of the acrobat (around neck)
 S - a ring of flight
 U - a ring of resist corrosion
Talismans
 c - a beast talisman
 d - a flux talisman (active)
 T - a maw talisman
Wands
 o - a wand of polymorph (7)
 y - a wand of digging (5)
 I - a wand of charming (2)
 N - a wand of roots (10)
 V - a wand of flame (8)
Scrolls
 f - a scroll of blinking {unknown}
 i - 3 scrolls of amnesia
 n - 2 scrolls of noise
 s - a scroll of torment {unknown}
 t - 2 scrolls of teleportation {unknown}
 v - 2 scrolls of vulnerability
 x - 2 scrolls of fear
 F - a scroll of revelation {unknown}
 J - 2 scrolls of fog
 L - a scroll of immolation {unknown}
 P - a scroll of silence {unknown}
 R - a scroll of poison {unknown}
Potions
 b - 2 potions of lignification
 e - 4 potions of degeneration
 j - 3 potions of berserk rage
 k - 2 potions of haste {unknown}
 p - 4 potions of curing {unknown}
 r - a potion of heal wounds
 z - 2 potions of enlightenment
 A - 2 potions of brilliance {unknown}
 C - 2 potions of magic
 D - 2 potions of mutation {unknown}
 G - a potion of cancellation {unknown}
 M - a potion of invisibility {unknown}
 O - a potion of might {unknown}
 Q - a potion of attraction {unknown}


   Skills:
 + Level 9.5 Fighting
 + Level 4.9 Dodging
 + Level 11.5 Unarmed Combat
 + Level 9.4 Shapeshifting


You had 10 spell levels left.
You didn't know any spells.
Your spell library contained the following spells:

 Spells                   Type           Power      Damage    Failure   Level
 Magic Dart               Conj           0%         1d3       36%         1
 Sandblast                Erth           0%         2d4       36%         1
 Call Imp                 Summ           0%         N/A       50%         2
 Lesser Beckoning         Tloc           0%         N/A       50%         2
 Momentum Strike          Conj/Tloc      0%         3d8       50%         2
 Passwall                 Erth           0%         N/A       75%         3
 Stone Arrow              Conj/Erth      0%         3d7       75%         3
 Brom's Barrelling Bould  Conj/Erth      0%         2d3       98%         4
 Cause Fear               Hex            0%         N/A       98%         4
 Fireball                 Conj/Fire      0%         3d3       100%        5
 Dragon's Call            Summ           0%         N/A       100%        9
 Blink                    Tloc           Unusable   N/A       N/A         2

Dungeon Overview and Level Annotations

Branches:
Dungeon (10/15)            Temple (0/1) D:7            Lair (1/5) D:9
Ossuary (visited)
    Orc: D:9-12

Altars:
Elyvilon
Fedhas
Nemelex Xobeh
Sif Muna
Trog
Wu Jian
Xom

Annotations:
D:3 2 transporters
D:7 3 runed translucent doors, karambola's ghost, novice OpAl; lasso's ghost, novice DsNe
D:9 exclusion: oklob sapling


Innate Abilities, Weirdness & Mutations

You are something dangerously unstable.
You glow with magical radiation, making you easy to see and hit.
Foes you strike become dangerously contaminated with magical radiation.
You are incapable of wielding weapons or throwing items.
You cannot be hasted, slowed, berserked, paralysed or teleported.
You can dig through walls and to a lower floor.
You have a pair of large antennae on your head. (SInv)
Your four strong arms can wield two-handed weapons with a shield.


Message History

You spin and attack the yak repeatedly.
You hit the yak.
The yak begins to glow.
The yak is lightly wounded.
You hit the yak.
The yak glows dangerously bright.
The yak is moderately wounded.
The yak closely misses you.
A bullfrog comes into view.
The cane toad stings you.
You spin and attack the cane toad.
You closely miss the cane toad.
You spin and attack the yak repeatedly.
The bullfrog gives a loud, deep croak!
You punch the yak!
The yak shudders as magic cascades through it!
The yak twists and deforms.
The yak is almost dead.
You punch the yak!
You kill the yak!
The Council accepts your kill. The cane toad stings you!!
You are poisoned.
The cane toad poisons you!
You spin and attack the cane toad.
You hit the cane toad.
The cane toad begins to glow.
The cane toad is lightly wounded.
You feel very sick. The cane toad stings you.
You are more poisoned.
The cane toad poisons you!
You spin and attack the cane toad.
You hit the cane toad.
The cane toad glows dangerously bright.
The cane toad is lightly wounded.
You spin and attack the yak.
You hit the yak.
The yak begins to glow.
The yak is lightly wounded.
You feel very sick. The cane toad stings you!
* * * LOW HITPOINT WARNING * * *
You are more poisoned.
The cane toad poisons you! The bullfrog completely misses you.
The yak gores you!
You die...

##.........# ##.....
....# #..... #...##
###....####....# # .
#........##....#.#...
#....................
#....................
#...YF†..##..........
#...pY...##..........
#...F....##...##.#...
#####<.#.......###,..
#..........# .
#...........
#...P........
#...#......
....#......
............


You could see 2 yaks, a cane toad (heavy contam) and a bullfrog.

Vanquished Creatures
  3 death yaks
  A skeletal warrior (D:9)
  Jeremiah (D:8)
  A rime drake (Lair:1)
  3 kobold demonologists
  A troll (D:9)
  A shadow (D:9)
  2 yaks (Lair:1)
  2 water moccasins
  An orc warrior (D:9)
  A black bear (D:5)
  4 ice beasts
  A sky beast (D:7)
  A centaur (D:3)
  An ogre (D:5)
  2 kobold brigands
  4 bullfrogs
  4 scorpions
  2 gnoll sergeants (D:8)
  6 wights
  8 killer bees
  2 electric eels (D:7)
  2 howler monkeys
  3 centaur zombies (Ossuary)
  A quasit (D:4)
  5 hounds
  A bombardier beetle (D:7)
  5 orc priests
  2 jellies
  8 orc wizards
  A hell rat (D:9)
  3 iguanas (D:4)
  A sleepcap (D:6)
  Natasha (thrice) (D:2)
  2 ogre zombies (Ossuary)
  7 mummies (Ossuary)
  8 gnolls
  2 river rats
  12 adders
  3 shadow imps (D:5)
  2 white imps
  3 ufetubi (D:5)
  3 adder zombies (Ossuary)
  2 dart slugs (D:1)
  39 orcs
  12 ball pythons
  8 bats
  9 endoplasms
  A giant cockroach (D:3)
  A gnoll zombie (Ossuary)
  10 hobgoblins
  8 jackals
  4 quokkas
  6 frilled lizards
  3 goblins
  3 goblin zombies (Ossuary)
  6 hobgoblin zombies (Ossuary)
  21 kobolds
  7 kobold zombies (Ossuary)
  2 orc zombies (Ossuary)
  2 quokka zombies (Ossuary)
  9 rats
  A rat zombie (Ossuary)
283 creatures vanquished.

Notes
Turn   | Place    | Note
-------+----------+-------------------------------------------
     0 | D:1      | Gladio the Formicid Shapeshifter began the quest for the
                  | Orb.
     0 | D:1      | Reached XP level 1. HP: 15/15 MP: 1/1
    93 | D:1      | Reached XP level 2. HP: 21/21 MP: 2/2
   256 | D:1      | Reached XP level 3. HP: 26/27 MP: 3/3
   506 | D:2      | Noticed Natasha
   520 | D:2      | Killed Natasha
   521 | D:2      | Reached skill level 4 in Unarmed Combat
   521 | D:2      | Reached XP level 4. HP: 22/33 MP: 4/4
   659 | D:2      | Noticed Natasha
   664 | D:2      | Killed Natasha
   688 | D:2      | Reached XP level 5. HP: 39/39 MP: 5/5
   694 | D:2      | Noticed Natasha
   706 | D:2      | Killed Natasha
  1197 | D:3      | Found a shimmering altar of Xom.
  1211 | D:3      | Found a white marble altar of Elyvilon.
  1217 | D:3      | Found a transporter.
  1437 | D:3      | Noticed a centaur
  1451 | D:3      | Killed a centaur
  1452 | D:3      | Reached skill level 5 in Unarmed Combat
  1452 | D:3      | Reached XP level 6. HP: 27/47 MP: 6/6
  1662 | D:3      | Found a transporter.
  2008 | D:4      | Reached XP level 7. HP: 45/49 MP: 7/7
  2268 | D:4      | Reached skill level 6 in Unarmed Combat
  2586 | D:5      | Entered Level 5 of the Dungeon
  2596 | D:4      | Reached skill level 5 in Shapeshifting
  2691 | D:5      | Reached XP level 8. HP: 61/61 MP: 8/8
  3102 | D:5      | Found a sparkling altar of Nemelex Xobeh.
  3109 | D:5      | Reached skill level 7 in Unarmed Combat
  3188 | D:5      | Reached skill level 5 in Fighting
  3779 | D:5      | Found an ornate altar of the Wu Jian Council.
  3836 | D:5      | Became a worshipper of the Wu Jian Council
  4298 | D:6      | Reached skill level 8 in Unarmed Combat
  4299 | D:6      | Reached XP level 9. HP: 48/68 MP: 9/9
  4814 | D:7      | Found a runed translucent gate.
  4814 | D:7      | Found a runed translucent gate.
  4814 | D:7      | Found a runed translucent gate.
  4858 | D:7      | Found a staircase to the Ecumenical Temple.
  4975 | D:7      | Noticed karambola's ghost (novice OpAl)
  4976 | D:7      | Noticed lasso's ghost (novice DsNe)
  5165 | D:7      | Found a sand-covered staircase.
  5174 | Ossuary  | Entered an ossuary
  5249 | Ossuary  | Reached * piety under Wu Jian
  5420 | Ossuary  | Reached skill level 9 in Unarmed Combat
  5740 | D:7      | Reached ** piety under Wu Jian
  6025 | D:7      | Found a shimmering blue altar of Sif Muna.
  6162 | D:8      | Noticed Jeremiah
  6457 | D:8      | Found a blossoming altar of Fedhas.
  6718 | D:8      | Reached XP level 10. HP: 61/79 MP: 10/10
  6795 | D:8      | Reached skill level 10 in Unarmed Combat
  7095 | D:8      | Found a bloodstained altar of Trog.
  7130 | D:8      | Killed Jeremiah
  8039 | D:9      | Reached *** piety under Wu Jian
  8408 | D:9      | Found a staircase to the Lair.
  8412 | D:9      | Noticed a death yak
  8413 | D:9      | Noticed a death yak
  8417 | D:9      | Noticed a death yak
  8937 | D:8      | Killed a death yak
  9160 | D:9      | Killed a death yak
  9161 | D:9      | Reached XP level 11. HP: 21/87 MP: 11/11
  9572 | D:9      | Reached skill level 11 in Unarmed Combat
  9755 | D:10     | Entered Level 10 of the Dungeon
  9807 | D:10     | Noticed a sixfirhy
  9807 | D:10     | Noticed a sun demon
  9819 | D:10     | HP: 2/87 [sun demon[a kobold demonologist] (13)]
 10155 | D:9      | Killed a death yak
 10240 | D:10     | Noticed a skeletal warrior
 10242 | D:10     | Noticed a skeletal warrior
 10242 | D:10     | Noticed a skeletal warrior
 10365 | D:9      | HP: 1/89 [skeletal warrior/+0 hand axe (13)]
 10628 | D:9      | Killed a skeletal warrior
 10768 | Lair:1   | Entered Level 1 of the Lair of Beasts
 11089 | Lair:1   | Slain by a yak

Illustrated notes

Levels and vault maps discovered:
D:1:      minmay_arrival_hallway, layout_rooms, minmay_misc_feat_columns
D:2:      layout_rooms, minmay_fountain_box, roderic_filled_cross,
          minmay_octomino_c4, uniq_natasha
D:3:      layout_rooms, gammafunk_temple_overflow_arena,
          minmay_misc_feat_enclosed
D:4:      layout_cave_pools
D:5:      layout_basic, nemelex_dance_club_becter, nzn_wu_jian_council_hall,
          serial_demonic, serial_demonic_e, serial_demonic_b, serial_demonic_a,
          serial_demonic_a
D:6:      layout_basic
D:7:      hellmonk_crumbling_castle, layout_cave_pools, general_overflow_altar,
          minmay_temple_entry_crystal_x, enter_ossuary_1,
          gammafunk_ghost_cemetery, minivault_14
D:8:      layout_loops_ring, lemuel_doored_altar, kennysheep_little_box,
          minivault_11, dreamdust_princess_corridor, grunt_decor_junction,
          uniq_jeremiah
D:9:      nicolae_cairo_tiling_large, layout_rooms, dpeg_lair_monsters,
          serial_bayou_pond_e, amcnicky_mini_rare_corridor_liquid,
          kennysheep_crisscross, introduction_to_nature_2
D:10:     layout_small_grid, slow_altar_2
Lair:1:   layout_gridlike

Skill      XL: |  1  2  3  4  5  6  7  8  9 10 11 |
---------------+----------------------------------+-----
Fighting       | 2 3 4 5 7 8 9 |  9.5
Unarmed Combat | 4 5 6 8 9 10 11 | 11.5
Shapeshifting  | 4 5 6 7 8 9 |  9.4
Dodging        | 3 4 |  4.9

Action                     |  1- 3 |  4- 6 |  7- 9 | 10-12 || total
---------------------------+-------+-------+-------+-------++-------
  Melee: Unarmed           |    74 |   149 |   420 |   353 ||   996
         Punch             |     2 |     2 |    15 |       ||    19
  Throw: Javelin           |       |     1 |       |       ||     1
 Invoke: Serpent's Lash    |       |       |       |     2 ||     2
Ability: Dig               |       |     1 |       |       ||     1
         Whirlwind         |       |       |    27 |   111 ||   138
         Lunge             |       |       |    15 |    14 ||    29
         Wall Jump         |       |       |       |     9 ||     9
  Evoke: Wand              |       |       |       |     1 ||     1
    Use: Scroll            |       |       |    10 |     1 ||    11
         Potion            |       |       |       |     4 ||     4
 Armour: Animal skin       |    22 |       |       |       ||    22
         Ice dragon scales |    11 |   114 |   155 |       ||   280
         Skin              |       |       |    20 |   125 ||   145
  Dodge: Dodged            |    46 |    92 |   249 |   299 ||   686
   Form: Flux              |       |       |     1 |       ||     1
